Map: Old Republic LE

Players

Solar - Winner!

  • Race: Zerg Zerg

Cure

  • Race: Terran Terran

VOD

Have the link to the VOD?

Description

Time

  • Played on: Jan. 17, 2026, 12:02 a.m.
  • Length: 6:54
Show
View Real Time Build Order
Export as new Build Order

Solar Zerg - Winner!

Build Orders: Hatch First 

Get SALT Encoding   

  12  0:00  Drone  
  13  0:07  Drone  
  14  0:14  Extractor, Drone  
  15  0:21  Overlord  
  15  0:40  Drone  
  16  0:44  Hatchery  
  16  0:49  Drone  
  16  0:52  Drone  
  16  0:56  Drone  
  18  1:06  Extractor  
  17  1:11  Spawning Pool  
  17  1:14  Drone  
  17  1:17  Drone  
  18  1:26  Drone  
  19  1:37  Drone  
  20  1:47  Drone  
  21  1:58  Zergling x4, Queen  
  21  1:59  Queen  
  27  2:08  Drone  
  28  2:09  Overlord  
  28  2:10  Metabolic Boost  
  28  2:27  Drone x2  
  30  2:30  Drone  
  30  2:34  Queen  
  33  2:37  Overlord  
  33  2:40  Drone  
  33  2:41  Drone  
  35  2:50  Drone  
  36  2:56  Drone  
  37  3:01  Drone  
  38  3:07  Drone x2  
  38  3:08  Drone  
  38  3:10  Overlord, Hatchery  
  40  3:13  Drone  
  40  3:15  Drone x2  
  40  3:18  Drone  
  44  3:23  Lair  
  44  3:29  Roach Warren  
  44  3:30  Drone  
  44  3:33  Drone x2  
  46  3:36  Overlord  
  46  3:41  Drone x3  
  48  3:45  Extractor  
  48  3:46  Drone, Extractor  
  48  3:47  Drone  
  49  3:53  Queen  
  49  3:55  Drone  
  52  3:57  Drone  
  52  3:59  Zergling x2  
  52  4:00  Zergling x2  
  55  4:06  Overlord  
  55  4:09  Overlord  
  54  4:11  Overlord  
  54  4:15  Drone  
  55  4:20  Glial Reconstitution  
  55  4:21  Overseer  
  55  4:24  Drone  
  56  4:25  Roach x3  
  56  4:26  Roach  
  56  4:28  Roach  
  66  4:34  Extractor, Drone  
  66  4:36  Overlord  
  67  4:41  Roach x2  
  67  4:43  Drone  
  67  4:45  Spore Crawler, Overlord  
  71  4:48  Roach  
  71  4:50  Roach  
  71  4:52  Roach  
  78  4:55  Roach x2  
  82  5:00  Roach  
  82  5:01  Overlord  
  82  5:04  Roach x2  
  88  5:08  Roach, Evolution Chamber  
  88  5:10  Roach  
  91  5:15  Roach x2  
  91  5:18  Overlord x2  
  91  5:21  Roach  
  97  5:25  Roach  
  97  5:28  Roach x2  
  103  5:29  Roach  
  103  5:32  Overlord  
  103  5:35  Overlord  
  105  5:38  Roach  
  105  5:41  Roach  
  107  5:43  Roach x2  
  107  5:46  Roach  
  107  5:48  Roach  
  115  5:50  Roach  
  115  5:53  Roach  
  115  5:54  Roach  
  119  5:58  Roach x2  
  123  6:06  Roach x2  
  123  6:09  Overlord  
  123  6:10  Drone  
  126  6:13  Roach x3  
  130  6:22  Drone x7  
  131  6:26  Drone x2  
  131  6:28  Overlord  
  131  6:30  Drone  
  134  6:35  Drone  
  134  6:37  Drone  
  134  6:39  Drone  
  132  6:48  Extractor x2  
Show
View Real Time Build Order
Export as new Build Order

Cure Terran 

Build Orders: Hellion Opening, Reaper Expand 

Get SALT Encoding   

  12  0:00  SCV  
  13  0:12  SCV  
  14  0:16  Supply Depot  
  14  0:24  SCV  
  15  0:38  SCV  
  15  0:40  Barracks  
  15  0:42  Refinery  
  16  0:50  SCV  
  17  1:02  SCV  
  18  1:14  SCV  
  19  1:26  Orbital Command  
  19  1:27  Reaper  
  20  1:37  Command Center  
  20  1:46  Supply Depot  
  20  1:52  SCV  
  21  1:59  Marine  
  22  2:04  SCV  
  23  2:10  Factory  
  23  2:16  SCV  
  25  2:25  Barracks Reactor  
  25  2:28  SCV  
  25  2:38  Command Center  
  25  2:40  SCV  
  26  2:50  Orbital Command  
  26  2:53  SCV  
  27  3:05  SCV  
  28  3:07  Hellion x2  
  32  3:14  Barracks Tech Lab  
  32  3:16  SCV  
  32  3:17  SCV  
  34  3:21  Refinery  
  34  3:28  SCV  
  34  3:29  Hellion x2, SCV  
  34  3:32  Marine, Stimpack  
  41  3:40  SCV  
  43  3:41  SCV  
  43  3:50  Marine  
  43  3:51  Hellion x2  
  43  3:52  SCV  
  43  3:53  SCV  
  43  3:54  Orbital Command  
  50  4:05  SCV x2  
  50  4:08  Marine  
  53  4:10  Engineering Bay x2  
  53  4:15  Orbital Command  
  53  4:17  SCV x2  
  54  4:19  Factory Reactor, Barracks  
  54  4:23  Barracks  
  55  4:28  Supply Depot x2  
  55  4:29  SCV x2, Marine  
  58  4:38  Terran Infantry Weapons Level 1, Terran Infantry Armor Level 1  
  58  4:41  SCV x3  
  58  4:44  Refinery  
  61  4:45  Refinery  
  61  4:49  Marine  
  62  4:53  SCV x2, Supply Depot  
  62  4:54  SCV  
  62  4:58  Starport  
  65  5:03  Factory Reactor  
  65  5:05  SCV x2  
  65  5:06  SCV  
  68  5:11  Marine  
  68  5:12  Marine x2, Combat Shield  
  71  5:16  Supply Depot  
  71  5:17  SCV  
  71  5:18  SCV x2  
  74  5:27  Armory  
  74  5:28  Barracks  
  74  5:31  Marine x2  
  74  5:32  Marine x2, Barracks  
  74  5:33  Marine  
  79  5:37  SCV x2  
  79  5:44  Supply Depot  
  79  5:47  Medivac  
  81  5:50  Factory Reactor  
  81  5:54  Medivac  
  81  5:56  Marine x4  
  80  5:59  Marine  
  80  6:03  Orbital Command  
  66  6:14  Marine x4  
  66  6:16  Barracks Tech Lab  
  66  6:17  Marauder  
  56  6:32  Marine x2  
Tags
 
Add a new tag
Caveats
  • Supply blocks, unpowered buildings, or Contaminate may cause inaccurate times.
  • Supply counts are checked every 10 seconds.